 Dungeon Crawl Stone Soup version 0.22-a0-351-g29664b4 (webtiles) character file.

5296 iamserjio the Cleaver (level 10, -7/68 HPs)
             Began as an Octopode Fighter on Apr 13, 2018.
             Was an Elder of Zin.
             Mangled by an unseen horror (12 damage)
             ... on level 10 of the Dungeon.
             The game lasted 00:58:04 (14241 turns).

iamserjio the Cleaver (Octopode Fighter)           Turns: 14241, Time: 00:58:04

Health: -7/68      AC:  1    Str: 17    XL:     10   Next: 63%
Magic:  13/13      EV: 16    Int: 11    God:    Zin [****..]
Gold:   268        SH:  9    Dex: 15    Spells: 11/13 levels left

rFire    x . .     SeeInvis .   o - +6 hand axe
rCold    + . .     Gourm    .   b - +0 shield
rNeg     + + .     Faith    .   (helmet restricted)
rPois    .         Spirit   .   C - amulet of rage
rElec    .         Reflect  .   r - ring of positive energy
rCorr    .         Harm     .   l - ring of ice
MR       .....                  t - +2 ring of strength
Stlth    +++++.....             z - ring of positive energy
HPRegen  0.21/turn              (no ring)
MPRegen  0.13/turn              (no ring)
                                (no ring)
                                (no ring)

@: no status effects
A: almost no armour, stealthy swim, amphibious, 8 rings, constrict 8, camouflage
1, gelatinous body 1
a: Recite, Vitalisation, Imprison, Donate Gold, Renounce Religion, Evoke Berserk
Rage


You were on level 10 of the Dungeon.
You worshipped Zin.
Zin was greatly pleased with you.
You were not hungry.

You visited 1 branch of the dungeon, and saw 10 of its levels.

You collected 533 gold pieces.
You spent 54 gold pieces at shops.
You donated 211 gold pieces to Zin.

Inventory:

Hand Weapons
 a - a +0 war axe
 m - a +2 hunting sling of flaming
 o - a +6 hand axe (weapon)
 I - a +1 hand axe of electrocution
 J - a +1 shortbow of freezing
 L - a +3 hand axe
 N - a cursed +3 halberd of freezing
Missiles
 f - 17 poisoned needles
 n - 282 stones (quivered)
 u - 65 sling bullets
 x - 6 javelins
 K - 18 arrows
Armour
 b - a +0 shield (worn)
 G - a +0 buckler
Magical Staves
 y - an uncursed staff of wizardry
 H - an uncursed staff of cold
Jewellery
 l - a ring of ice (right tentacle)
 r - a ring of positive energy (left tentacle)
 t - a +2 ring of strength (on tentacle)
 z - a ring of positive energy (on tentacle)
 C - an amulet of rage (around mantle)
Wands
 p - a wand of digging (15)
 s - a wand of paralysis (16)
Scrolls
 e - 6 scrolls of remove curse
 i - 3 scrolls of magic mapping
 j - 4 scrolls of amnesia
 k - a scroll of immolation {unknown}
 v - a scroll of enchant weapon {unknown}
 w - a scroll of enchant armour {unknown}
 B - 4 scrolls of teleportation
 D - a scroll of fear {unknown}
 E - 2 scrolls of summoning {unknown}
 F - 2 scrolls of fog {unknown}
Potions
 c - 3 potions of might
 g - a potion of ambrosia
 h - a potion of agility
 q - a potion of curing
 A - 2 potions of haste
 M - a potion of invisibility
Comestibles
 d - 17 rations


   Skills:
 + Level 6.2 Fighting
 * Level 10.4 Axes
 + Level 7.9 Dodging
 - Level 7.0 Stealth
 - Level 4.0 Shields
 - Level 2.2 Spellcasting
 - Level 1.2 Translocations
 - Level 3.0 Invocations


You had 11 spell levels left.
You knew the following spells:

 Your Spells              Type           Power        Failure   Level  Hunger
a - Blink                 Tloc           N/A          71%         2    ###....


Dungeon Overview and Level Annotations

Branches:
Dungeon (10/15)            Temple (0/1) D:5            Lair (0/6) D:8
    Orc: D:9-12

Altars:
Ashenzari
Gozag
Nemelex Xobeh
Okawaru
Qazlal
Sif Muna
Uskayaw
Wu Jian
Xom
Yredelemnul
Zin

Shops:
D:6 [(*(%

Annotations:
D:8 Nib's ghost, novice OpAs


Innate Abilities, Weirdness & Mutations

You cannot wear most types of armour.
You are very stealthy in the water. (Stealth+)
You are amphibious.
You can wear up to eight rings at the same time.
You can use your tentacles to constrict eight enemies at once.
Your skin changes colour to match your surroundings (Stealth+).
Your rubbery body absorbs attacks. (AC +1, EV +1)


Message History

Deactivating autopickup; reactivate with Ctrl-A.
Something hits you. Something hits you! You block something's attack.
Something barely misses you.
Things that are here:
a tomahawk; a leather armour You start resting.
Something hits you.
You start resting.
Something hits you! Something hits you. Something barely misses you.
Something hits you. Something hits you.
* * * LOW HITPOINT WARNING * * *
Something hits you.
* * * LOW HITPOINT WARNING * * *
Something hits you.
* * * LOW HITPOINT WARNING * * *
Something hits you!
You die...

#...............#.#.#####...
#...........#####.#.# ###.
#...........#####.#.. #.
####.......[#.....##.. #.
###.(...........##.. #.
#)..........<...##. ##
#<(.............#
#))....{<....)..#
#......@(.......#
#................#
#..............#.##
##..........####.#
###.......#.# .. ##.......##
### ##....### ##..## 8.8


There were no monsters in sight!

Vanquished Creatures
  A hornet (D:7)
  A hippogriff (D:9)
  A hog (D:9)
  A human (D:9)
  2 yaks (D:9)
  2 sky beasts (D:5)
  2 ice beasts
  2 black bears
  4 orc warriors
  5 ogres
  A necrophage (D:7)
  A centaur (D:7)
  2 crocodiles
  A big kobold (D:9)
  4 bullfrogs
  A water moccasin zombie (D:6)
  3 scorpions
  A water moccasin skeleton (D:10)
  9 killer bees
  3 wights (D:10)
  6 howler monkeys
  5 crimson imps
  7 hounds
  5 orc priests
  6 orc wizards
  5 iguanas
  4 worker ants
  2 hound skeletons
  A worker ant zombie (D:7)
  A howler monkey zombie (D:7)
  Robin (D:2)
  6 gnolls
  9 adders
  3 shadow imps
  7 worms
  An adder skeleton (D:9)
  An adder zombie (D:6)
  3 dart slugs
  7 leopard geckos
  48 orcs
  4 ball pythons
  10 giant cockroaches
  14 goblins
  10 hobgoblins
  15 jackals
  12 kobolds
  2 quokkas
  5 bats
  2 frilled lizards
  2 rats (D:3)
251 creatures vanquished.

Notes
Turn   | Place    | Note
-------+----------+-------------------------------------------
     0 | D:1      | iamserjio the Octopode Fighter began the quest for the Orb.
     0 | D:1      | Reached XP level 1. HP: 16/16 MP: 1/1
   179 | D:1      | Reached skill level 1 in Stealth
   183 | D:1      | Reached XP level 2. HP: 12/21 MP: 2/2
   600 | D:1      | Reached XP level 3. HP: 26/26 MP: 3/3
   932 | D:2      | Noticed Robin
  1479 | D:2      | Reached XP level 4. HP: 23/31 MP: 4/4
  1735 | D:2      | Found a basalt altar of Yredelemnul.
  1826 | D:2      | Reached skill level 3 in Axes
  2167 | D:2      | Killed Robin
  2459 | D:2      | Reached XP level 5. HP: 29/36 MP: 5/5
  2517 | D:2      | Found a glowing silver altar of Zin.
  2524 | D:2      | Became a worshipper of Zin the Law-Giver
  2524 | D:2      | Reached * piety under Zin
  2670 | D:3      | Donated 71 gold pieces to Zin
  3053 | D:3      | HP: 1/36 [gnoll/dagger of chaos (2)]
  3058 | D:3      | Found a shimmering altar of Xom.
  3393 | D:3      | Reached ** piety under Zin
  3961 | D:3      | Found a sparkling altar of Nemelex Xobeh.
  3966 | D:3      | Found an iron altar of Okawaru.
  4051 | D:4      | Reached skill level 1 in Invocations
  4051 | D:4      | Reached XP level 6. HP: 18/43 MP: 6/6
  4350 | D:4      | Found a deep blue altar of Sif Muna.
  5040 | D:5      | Entered Level 5 of the Dungeon
  5069 | D:5      | Noticed a sky beast
  5240 | D:5      | Killed a sky beast
  5240 | D:5      | Reached skill level 4 in Axes
  5240 | D:5      | Reached skill level 5 in Stealth
  5240 | D:5      | Reached XP level 7. HP: 18/47 MP: 8/8
  5441 | D:5      | Found a staircase to the Ecumenical Temple.
  5459 | D:5      | Donated 87 gold pieces to Zin
  5497 | D:5      | Noticed a troll
  6537 | D:6      | Found Omiam's Armour Boutique.
  6729 | D:6      | Found Abloroock's Weapon Shop.
  6756 | D:6      | Found Losid Kiunk's Assorted Antiques.
  6760 | D:6      | Bought a scroll labeled HOESSOCIRA for 18 gold pieces
  6760 | D:6      | Bought a scroll of identify for 36 gold pieces
  6884 | D:6      | Reached XP level 8. HP: 31/54 MP: 9/9
  7019 | D:6      | Reached skill level 5 in Axes
  7027 | D:6      | Found Jiweis's Antique Weapon Shoppe.
  7078 | D:6      | Found Pireacex's Food Boutique.
  7824 | D:6      | Reached skill level 5 in Dodging
  7833 | D:6      | Reached skill level 5 in Fighting
  7868 | D:6      | Learned a level 2 spell: Blink
  8022 | D:6      | Reached skill level 6 in Axes
  8508 | D:7      | You fall through a shaft!
  8508 | D:8      | Noticed Nib's ghost (novice OpAs)
  8554 | D:7      | Reached skill level 1 in Spellcasting
  8554 | D:7      | Reached skill level 1 in Translocations
  8715 | D:7      | Noticed a two-headed ogre
  9131 | D:7      | Reached XP level 9. HP: 61/61 MP: 11/11
  9137 | D:7      | Reached skill level 7 in Axes
  9314 | D:7      | Found a stormy altar of Qazlal.
  9603 | D:7      | Reached *** piety under Zin
  9675 | D:7      | Noticed a hornet
  9678 | D:7      | Paralysed by a hornet for 1 turns
  9682 | D:7      | Killed a hornet
  9953 | D:7      | Found a shattered altar of Ashenzari.
  9974 | D:7      | Reached skill level 8 in Axes
 10524 | D:8      | Reached skill level 9 in Axes
 10592 | D:8      | Found an opulent altar of Gozag.
 11507 | D:8      | Found a staircase to the Lair.
 11522 | D:8      | Noticed a komodo dragon
 11653 | D:9      | Reached XP level 10. HP: 52/66 MP: 13/13
 11654 | D:9      | Reached **** piety under Zin
 13091 | D:9      | Found an ornate altar of the Wu Jian Council.
 13359 | D:10     | Entered Level 10 of the Dungeon
 13388 | D:9      | Reached skill level 10 in Axes
 14025 | D:10     | Found a hide-covered altar of Uskayaw.
 14241 | D:10     | Mangled by an unseen horror

Vault maps used:
D:1:      dpeg_arrival_pits, minmay_misc_feat_iff
D:2:      old_standard_altar, zin_academy, uniq_robin
D:3:      amethyst_overflow_temple_binary, first_ration,
          gup_sewer_entry_bubbles, tgw_xom
D:4:      nicolae_overflow_hidden_temple
D:5:      temple_green, lightli_corner_chamber
D:6:      serial_shops, shop, nicolae_shop_crystal, shop,
          nicolae_shop_waterfront, shop_fountains
D:7:      ashenzari_conservatory_becter, lemuel_crystal_altar,
          hangedman_abyss_or_decor_passed
D:8:      grunt_gozag_statues, david_lair_shrubbed
D:9:      kennysheep_mini_moat, grunt_livestock
D:10:     hiddenorc1_lemuel, basic_altar, kennysheep_generic_room_2

Skill      XL: |  1  2  3  4  5  6  7  8  9 10 |
---------------+-------------------------------+-----
Stealth        | 1 2 3 4 5 6 7 |  7.0
Axes           | 3 4 6 9 10 | 10.4
Invocations    | 1 2 3 |  3.0
Dodging        | 4 5 7 |  7.9
Fighting       | 4 5 6 |  6.2
Shields        | 4 |  4.0
Spellcasting   | 1 2 |  2.2
Translocations | 1 |  1.2

Action                   |  1- 3 |  4- 6 |  7- 9 | 10-12 || total
-------------------------+-------+-------+-------+-------++-------
Melee: War axe           |    65 |   117 |   279 |    80 ||   541
       Constrict         |    17 |    32 |    65 |    32 ||   146
       Tentacles         |    12 |    20 |    71 |    36 ||   139
       Hand axe          |       |       |       |    59 ||    59
Throw: Stone             |       |       |     5 |     9 ||    14
Invok: Donate Gold       |       |     1 |     1 |       ||     2
 Abil: Evoke Berserk Rag |       |       |     1 |     1 ||     2
  Use: Scroll            |       |     4 |     6 |     5 ||    15
       Potion            |       |       |     1 |     5 ||     6
 Stab: Sleeping          |     7 |    11 |    18 |     1 ||    37
       Distracted        |       |     1 |       |     2 ||     3
  Eat: Chunk             |       |    10 |    14 |     3 ||    27
       Ration            |       |     1 |     2 |     2 ||     5
Armor: Skin              |     6 |     8 |     9 |     1 ||    24
Dodge: Dodged            |    28 |    58 |   126 |    89 ||   301
Block: Shield            |    24 |    49 |   109 |    76 ||   258

Table legend:
 A = Spawn XP
 B = Non-spawn XP
 C = Spawn XP percentage of total XP
 D = Spawn monster count
 E = Non-spawn monster count
 F = Spawn count percentage of total count
 G = Total turns spent on level
                    A         B        C        D         E        F      G
               +---------+---------+-------+---------+---------+-------+---------
         Total |       0 |    7566 |   0.0 |       0 |     251 |   0.0 | 14241
               +---------+---------+-------+---------+---------+-------+---------
           D:1 |       0 |      47 |   0.0 |       0 |      24 |   0.0 |  1475
           D:2 |       0 |     134 |   0.0 |       0 |      30 |   0.0 |  1194
           D:3 |       0 |      63 |   0.0 |       0 |      19 |   0.0 |  1543
           D:4 |       0 |     310 |   0.0 |       0 |      15 |   0.0 |   834
           D:5 |       0 |     458 |   0.0 |       0 |      17 |   0.0 |  1491
           D:6 |       0 |     859 |   0.0 |       0 |      40 |   0.0 |  2125
           D:7 |       0 |    2219 |   0.0 |       0 |      37 |   0.0 |  1832
           D:8 |       0 |     497 |   0.0 |       0 |       9 |   0.0 |  1397
           D:9 |       0 |    2000 |   0.0 |       0 |      26 |   0.0 |  1869
          D:10 |       0 |     979 |   0.0 |       0 |      34 |   0.0 |   481
               +---------+---------+-------+---------+---------+-------+---------
